 Dungeon Crawl Stone Soup version 0.22.0-5-gf09313c8f9 (webtiles) character file.

429 RKane the Purveyor of Pain (level 6, -8/27 HPs)
             Began as a Felid Necromancer on Aug 14, 2018.
             Was an Initiate of Kikubaaqudgha.
             Mangled by a centaur
             ... wielding a +0 war axe
              (10 damage)
             ... on level 5 of the Dungeon.
             The game lasted 00:22:25 (9135 turns).

RKane the Purveyor of Pain (Felid Necromancer)      Turns: 9135, Time: 00:22:25

Health: -8/27      AC:  2    Str:  4    XL:     6   Next: 66%
Magic:  12/12      EV: 19    Int: 19    God:    Kikubaaqudgha [......]
Gold:   345        SH:  0    Dex: 16    Spells: 0/12 levels left
                                        Lives:  0   Deaths: 2

rFire    . . .     SeeInvis +     - Unarmed
rCold    . . .     Gourm    .   (shield unavailable)
rNeg     . . .     Faith    .   (armour unavailable)
rPois    .         Spirit   .   (helmet unavailable)
rElec    .         Reflect  .   (cloak unavailable)
rCorr    .         Harm     .   (gloves unavailable)
MR       .....                  (boots unavailable)
Stlth    +++.......             (no amulet)
HPRegen  0.09/turn              (no ring)
MPRegen  0.13/turn              (no ring)

@: quick
A: very small, no armour, no weapons or thrown items, stealth, claws 1, fangs 3,
see invisible, carnivore, speed 1, shaggy fur 2, slow metabolism 1, sharp paws
a: Renounce Religion


You were on level 5 of the Dungeon.
You worshipped Kikubaaqudgha.
Kikubaaqudgha was noncommittal.
You were not hungry.

You visited 2 branches of the dungeon, and saw 6 of its levels.
You also visited: Sewer.

You collected 345 gold pieces.

Inventory:

Scrolls
 i - a scroll of enchant weapon {unknown}
 j - a scroll of magic mapping {unknown}
 k - a scroll of fog {unknown}
 l - 3 scrolls of teleportation {unknown}
 n - a scroll of amnesia
 o - a scroll of remove curse
Potions
 a - a potion of invisibility {unknown}
 c - 5 potions of curing
 d - 3 potions of heal wounds {unknown}
 e - a potion of brilliance {unknown}
 f - a potion of cancellation {unknown}
 g - 6 potions of haste {unknown}
 h - 2 potions of resistance {unknown}
 m - a potion of lignification {unknown}
 p - 2 potions of might
 q - 2 potions of flight {unknown}
Comestibles
 b - 4 rations


   Skills:
 - Level 2.4 Fighting
 + Level 4.0 Dodging
 - Level 3.3 Stealth
 * Level 4.5 Unarmed Combat
 + Level 3.8 Spellcasting
 * Level 6.6 Necromancy


You couldn't memorise any spells.
You knew the following spells:

 Your Spells              Type           Power        Failure   Level  Hunger
a - Pain                  Necr           ####         1%          1    None
b - Animate Dead          Necr           N/A          10%         4    ####...
c - Vampiric Draining     Necr           ####......   2%          3    ###....
A - Animate Skeleton      Necr           N/A          1%          1    None
C - Regeneration          Chrm/Necr      ###.......   11%         3    ###....

Your spell library contained the following spells:

 Spells                   Type           Power        Failure   Level  Hunger


Dungeon Overview and Level Annotations

Branches:
Dungeon (5/15)             Temple (1/1) D:4

Altars:
Ashenzari
Cheibriados
Elyvilon
Fedhas
Gozag
Hepliaklqana
Kikubaaqudgha
Makhleb
Nemelex Xobeh
Okawaru
Qazlal
Ru
Sif Muna
Trog
Uskayaw
Vehumet
Wu Jian
Xom
Yredelemnul
Zin
The Shining One

Annotations:
D:4 exclusion: zombie, Blork the orc


Innate Abilities, Weirdness & Mutations

You cannot wear armour.
You are incapable of wielding weapons or throwing items.
Your paws allow you to move quietly. (Stealth)
You have sharp claws.
You have razor-sharp teeth.
You have supernaturally acute eyesight. (SInv)
You are carnivorous and can eat meat at any time.
You cover ground quickly.
You are covered in thick fur. (AC +2)
You have a slow metabolism.
Your sharp claws are effective at attacking unaware monsters.


Message History

Aim: an iguana (chance to defeat MR: 89%)
The iguana writhes in agony!
Casting: Pain (safe; 1% risk of failure)
Confirm with . or Enter, or press ? or * to list all spells.
Aiming: Pain (safe; 1% risk of failure)
Press: ? - help, Shift-Dir - straight line, f/p - iguana
Aim: an iguana (chance to defeat MR: 89%)
The iguana barely resists.
Casting: Pain (safe; 1% risk of failure)
Confirm with . or Enter, or press ? or * to list all spells.
Aiming: Pain (safe; 1% risk of failure)
Press: ? - help, Shift-Dir - straight line, f/p - iguana
Aim: an iguana (chance to defeat MR: 89%)
The iguana writhes in agony!
Casting: Pain (safe; 1% risk of failure)
Confirm with . or Enter, or press ? or * to list all spells.
Aiming: Pain (safe; 1% risk of failure)
Press: ? - help, Shift-Dir - straight line, f/p - iguana
Aim: an iguana (moderately wounded, chance to defeat MR: 89%)
The iguana writhes in agony!
The iguana hisses menacingly.
Casting: Pain (safe; 1% risk of failure)
Confirm with . or Enter, or press ? or * to list all spells.
Aiming: Pain (safe; 1% risk of failure)
Press: ? - help, Shift-Dir - straight line, f/p - iguana
Aim: an iguana (moderately wounded, chance to defeat MR: 89%)
The iguana writhes in agony!
Casting: Pain (safe; 1% risk of failure)
Confirm with . or Enter, or press ? or * to list all spells.
Aiming: Pain (safe; 1% risk of failure)
Press: ? - help, Shift-Dir - straight line, f/p - iguana
Aim: an iguana (heavily wounded, chance to defeat MR: 89%)
The iguana writhes in agony!
You kill the iguana!
Kikubaaqudgha accepts your kill.
You see here an iguana corpse.
Casting: Pain (safe; 1% risk of failure)
Confirm with . or Enter, or press ? or * to list all spells.
You attempt to give life to the dead...
Before your eyes, flesh is ripped from the corpse!
The dead are walking!
r - a chunk of flesh Eating a chunk of flesh.
You eat the chunk of flesh.
This raw flesh tastes great.
There is a large open door here.
There is a large open door here.
There is a stone staircase leading up here.
g - 6 sedimented emerald potions (gained 1)
There is an open door here.
The centaur is too close now for your liking.
The centaur shouts!
The centaur unwields an uncursed war axe.
The centaur wields a glowing shortbow.
The centaur shoots an arrow.
The arrow misses you. The arrow hits your iguana skeleton!
The centaur shoots an arrow.
The arrow hits you!
You see here an arrow.
Casting: Animate Skeleton (safe; 1% risk of failure)
Confirm with . or Enter, or press ? or * to list all spells.
Aiming: Pain (safe; 1% risk of failure)
Press: ? - help, Shift-Dir - straight line, f - centaur
Aim: a centaur, wielding an enchanted shortbow and wearing a glowing centaur barding (chance to defeat MR: 84%)
The centaur writhes in agony!
The centaur shoots an arrow.
The arrow completely misses you. The arrow hits your iguana skeleton.
Casting: Pain (safe; 1% risk of failure)
Confirm with . or Enter, or press ? or * to list all spells.
Aiming: Pain (safe; 1% risk of failure)
Press: ? - help, Shift-Dir - straight line, f/p - centaur
Aim: a centaur, wielding an enchanted shortbow and wearing a glowing centaur barding (lightly wounded, chance to defeat MR: 84%)
The centaur writhes in agony!
The centaur shoots an arrow.
The arrow hits you!
Casting: Pain (safe; 1% risk of failure)
Confirm with . or Enter, or press ? or * to list all spells.
Aiming: Pain (safe; 1% risk of failure)
Press: ? - help, Shift-Dir - straight line, f/p - centaur
Aim: a centaur, wielding an enchanted shortbow and wearing a glowing centaur barding (moderately wounded, chance to defeat MR: 84%)
The centaur writhes in agony!
The centaur shoots an arrow.
The arrow hits you!!
Ouch! That really hurt!
You die...
The centaur shoots an arrow.
The arrow completely misses you. The arrow hits your iguana skeleton.
You are now level 6!
You rejoin the land of the living...
There is a large open door here.
There is a large open door here.
There is an open door here.
The centaur is too close now for your liking.
There is an open door here.
The centaur shoots an arrow.
The arrow hits you!
You see here an arrow.
The centaur unwields an uncursed enchanted shortbow.
The centaur wields an uncursed war axe.
The centaur hits you with an uncursed war axe!
* * * LOW HITPOINT WARNING * * *
You barely miss the centaur. You bite the centaur, but do no damage.
The centaur barely misses you.
You scratch the centaur but do no damage.
You claw the centaur, but do no damage. The centaur closely misses you.
You barely miss the centaur.
The centaur hits you with an uncursed war axe!
You die...
Kikubaaqudgha rasps: "You have failed me!
Welcome... death!"

.##......###..####.####.........
.##......#....## #.# #.........
.#####...#.....# #.# #....(....
.(..##...#.....###.####.........
....##...#......##..............
....##...#....#.##.......c.....#
.#..''...'....'.##..(..........#
≈#..##...#....#(.#.Z...........#
≈#..##...#....#Z@#(!...........#
≈#####...#....#..c.............
≈#...'..<#....##.#.............
≈#####........##.#............
≈#............'....######'##
≈######.......##...# .. ≈#
#.......###..# ≈# #.......# #..#
.# #.......# ..#


You could see a centaur and a friendly iguana skeleton.

Vanquished Creatures
  Sigmund (D:5)
  2 ogres (D:4)
  A big kobold (Sewer)
  3 scorpions (D:5)
  A bullfrog skeleton (D:5)
  An iguana (D:5)
  2 worker ants
  2 hound skeletons (D:4)
  A hound zombie (D:5)
  4 gnolls (D:5)
  2 river rats (Sewer)
  2 adders
  An adder skeleton (D:4)
  6 worms
  3 dart slugs
  2 leopard geckos
  3 orcs (D:3)
  4 giant cockroaches
  5 goblins
  5 hobgoblins
  3 jackals
  A quokka (D:2)
  A ball python (D:1)
  5 bats
  2 frilled lizards
  A giant cockroach zombie (D:5)
  10 kobolds
  11 rats
  A fungus (D:2)
86 creatures vanquished.

Vanquished Creatures (collateral kills)
  A scorpion (D:4)
  A crimson imp (D:5)
  A dart slug (D:1)
3 creatures vanquished.

Vanquished Creatures (others)
  A giant cockroach (D:2)
1 creature vanquished.

Grand Total: 90 creatures vanquished

Notes
Turn   | Place    | Note
-------+----------+-------------------------------------------
     0 | D:1      | RKane the Felid Necromancer began the quest for the Orb.
     0 | D:1      | Reached XP level 1. HP: 7/7 MP: 4/4
   224 | D:1      | Learned a level 1 spell: Animate Skeleton
   525 | D:1      | Reached skill level 3 in Stealth
   525 | D:1      | Reached XP level 2. HP: 9/12 MP: 3/6
  1504 | D:2      | Reached skill level 1 in Fighting
  1728 | D:2      | Reached XP level 3. HP: 15/15 MP: 5/7
  2127 | D:2      | Found a sacrificial altar of Ru.
  2528 | D:2      | Found a radiant altar of Vehumet.
  2652 | D:2      | Learned a level 3 spell: Vampiric Draining
  2713 | D:2      | Found an ornate altar of the Wu Jian Council.
  2716 | D:2      | Found a glowing golden altar of the Shining One.
  2719 | D:2      | Found a glowing silver altar of Zin.
  3008 | D:2      | HP: 3/15 [worm (11)]
  4352 | D:3      | Reached XP level 4. HP: 16/19 MP: 3/8
  4671 | D:4      | Found a stormy altar of Qazlal.
  4672 | D:4      | Noticed an earth elemental
  4674 | D:4      | Noticed an air elemental
  4674 | D:4      | Noticed a fire elemental
  4674 | D:4      | Noticed a water elemental
  4705 | D:4      | Found a blossoming altar of Fedhas.
  4732 | D:4      | Reached skill level 1 in Unarmed Combat
  4917 | D:4      | Found a shimmering altar of Xom.
  4918 | D:4      | Found a hazy altar of Hepliaklqana.
  4918 | D:4      | Noticed a sphinx zombie
  4919 | D:4      | Noticed a sphinx zombie
  4919 | D:4      | Noticed a spectral ugly thing
  4944 | D:4      | Noticed Blork the orc
  5044 | D:4      | Found a sparkling altar of Nemelex Xobeh.
  5604 | D:4      | Found a staircase to the Ecumenical Temple.
  5607 | D:4      | Noticed an ogre
  5771 | Temple   | Entered the Ecumenical Temple
  5789 | Temple   | Became a worshipper of Kikubaaqudgha
  5887 | D:4      | Slain by an ogre
  5888 | D:4      | Reached XP level 3. HP: -3/15 MP: 4/8
  5925 | D:4      | Found a white marble altar of Elyvilon.
  6075 | D:4      | Noticed an ogre
  6131 | D:4      | Killed an ogre
  6131 | D:4      | Reached skill level 2 in Fighting
  6131 | D:4      | Reached skill level 2 in Unarmed Combat
  6131 | D:4      | Reached skill level 5 in Necromancy
  6131 | D:4      | Reached XP level 4. HP: 9/19 MP: 2/9
  6131 | D:4      | Reached XP level 5. HP: 11/22 MP: 2/10
  6722 | D:4      | Killed an ogre
  6722 | D:4      | Reached skill level 3 in Spellcasting
  6730 | D:4      | Learned a level 4 spell: Animate Dead
  6830 | D:5      | Entered Level 5 of the Dungeon
  6834 | D:4      | Gained mutation: You are covered in thick fur. (AC +2) [Felid growth]
  6834 | D:4      | Reached XP level 6. HP: 19/27 MP: 8/11
  7015 | D:5      | Reached skill level 3 in Unarmed Combat
  7018 | D:5      | Found a glowing drain.
  7065 | Sewer    | Entered a sewer
  7240 | Sewer    | Reached skill level 3 in Dodging
  7478 | Sewer    | Found a white marble altar of Elyvilon.
  7949 | D:5      | Reached skill level 6 in Necromancy
  7959 | D:5      | Reached XP level 7. HP: 11/30 MP: 4/13
  7985 | D:5      | HP: 6/30 [crimson imp (2)]
  8091 | D:5      | Noticed Sigmund
  8698 | D:4      | Learned a level 3 spell: Regeneration
  8760 | D:5      | Reached skill level 4 in Unarmed Combat
  8930 | D:5      | Killed Sigmund
  8930 | D:5      | Reached skill level 4 in Dodging
  9101 | D:5      | Shot with an arrow by a centaur
  9102 | D:5      | Reached XP level 6. HP: -8/27 MP: 10/12
  9132 | D:5      | HP: 2/27 [centaur/uncursed war axe (13)]
  9135 | D:5      | Mangled by a centaur

Skill      XL: |  1  2  3  4  5  6  7 |
---------------+----------------------+-----
Stealth        | 3 |  3.3
Fighting       | 1 2 |  2.4
Unarmed Combat | 2 1 3 4 |  4.5
Necromancy     | 5 6 |  6.6
Spellcasting   | 3 |  3.8
Dodging        | 3 4 |  4.0

Action                   |  1- 3 |  4- 6 |  7- 9 || total
-------------------------+-------+-------+-------++-------
Melee: Unarmed           |    28 |   152 |    43 ||   223
       Bite              |     6 |    17 |     6 ||    29
       Punch             |       |     1 |     1 ||     2
 Cast: Pain              |   134 |    88 |    37 ||   259
       Animate Skeleton  |    12 |     7 |     1 ||    20
       Animate Dead      |       |     3 |     1 ||     4
       Vampiric Draining |       |     1 |     2 ||     3
       Regeneration      |       |       |     1 ||     1
  Use: Scroll            |     7 |       |       ||     7
 Stab: Sleeping          |       |     3 |       ||     3
  Eat: Chunk             |    15 |     7 |     1 ||    23
Armor: Skin              |     2 |     3 |     4 ||     9
Dodge: Dodged            |    15 |   126 |    38 ||   179

Table legend:
 A = Turns spent in this place as a percentage of turns spent in the entire game.
 B = Non-inter-level travel turns spent in this place as a percentage of non-inter-level travel turns spent in the entire game.
 C = Inter-level travel turns spent in this place as a percentage of turns spent in this place.
 D = Turns resting spent in this place as a percentage of non-inter-level travel turns spent in this place.
 E = Turns spent auto-exploring this place as a percentage of non-inter-level travel turns spent in this place.
 F = Non-inter-level travel turns spent in this place divided by the number of levels of this place that you've seen.
                   A       B       C       D       E      F
               +-------+-------+-------+-------+-------+----------------------
         Total | 100.0 | 100.0 |   2.7 |  48.3 |  29.7 | 1269.9
       Dungeon |  94.1 |  94.1 |   2.6 |  48.3 |  29.7 | 1673.4
        Temple |   0.9 |   0.7 |  22.6 |   0.0 |  80.0 |  65.0
         Sewer |   5.0 |   5.1 |   0.0 |  54.0 |  21.7 | 457.0
               +-------+-------+-------+-------+-------+----------------------

Table legend:
 A = Kills in this place as a percentage of kills in entire the game.
 B = Kills by you in this place as a percentage of kills by you in the entire game.
 C = Kills by friends in this place as a percentage of kills by friends in the entire game.
 D = Other kills in this place as a percentage of other kills in the entire game.
 E = Experience gained in this place as a percentage of experience gained in the entire game.
 F = Experience gained in this place divided by the number of levels of this place that you have seen.
                   A       B       C       D       E      F
               +-------+-------+-------+-------+-------+----------------------
         Total | 100.0 | 100.0 | 100.0 |   N/A | 100.0 | 183.0
       Dungeon |  89.8 |  89.4 | 100.0 |   N/A |  92.0 | 235.8
         Sewer |  10.2 |  10.6 |   0.0 |   N/A |   8.0 | 102.0
               +-------+-------+-------+-------+-------+----------------------
